 Dungeon Crawl Stone Soup version 0.31-a0-360-gb3e1d13bf4 (webtiles) character file.

Game seed: 18386539762182510069

187811 Newt the Impaler (level 18, -5/129 HPs)
             Began as a Merfolk Fighter on July 27, 2023.
             Was a High Priest of Hepliaklqana.
             Slain by a thrashing horror (18 damage)
             ... on level 6 of the Abyss.
             The game lasted 01:06:37 (30172 turns).

Newt the Impaler (Merfolk Fighter)                 Turns: 30172, Time: 01:06:38

Health: -5/129     AC: 11    Str: 31 (32) XL:     18   Next: 52%
Magic:  10/10      EV: 26    Int: 15      God:    Hepliaklqana [*****.]
Gold:   1217       SH:  0    Dex: 15      Spells: 33/35 levels left

rFire   + + +        W - +8 bardiche (antimagic)
rCold   + + .        (shield currently unavailable)
rNeg    + + +        v - +2 troll leather armour
rPois   +            Q - +2 hat {Will+}
rElec   +            B - scarf {rC+ rF+}
rCorr   +            (no gloves)
SInv    .            y - +0 pair of boots
Will    +....        b - amulet of Suspected Treachery {Reflect rF+ Regen+ Str+2 SH+5}
Stlth   +            D - ring of the Final Chapter {rN+ EV+5 Str+4}
HPRegen 2.01/turn    u - ring of Finality {*Slow rN+++ Will- Str+6 Int+5}
MPRegen 0.12/turn

%: slow self (1%), reflection
@: confused, mighty, lethally poisoned (-5 -> -5), resistant
A: reduced essence, (nimble swimmer 2), mertail
a: Renounce Religion, Recall Ancestor, Ancestor Identity, Transference, Idealise


You were on level 6 of the Abyss.
You worshipped Hepliaklqana.
Hepliaklqana was extremely pleased with you.
You visited 5 branches of the dungeon, and saw 26 of its levels.
You visited the Abyss 3 times.
You visited 1 bazaar.
You also visited: Sewer, Ossuary and Gauntlet.

You collected 2788 gold pieces.
You spent 1571 gold pieces at shops.

Inventory:

Hand Weapons
 a - a +1 trident of draining
 k - a +3 vampiric halberd
 W - a +8 antimagic bardiche (weapon)
Missiles
 O - 8 throwing nets
Armour
 c - a +0 buckler
 o - a +1 ring mail of cold resistance
 v - a +2 troll leather armour (worn)
 y - a +0 pair of boots (worn)
 B - a scarf of resistance (worn)
 M - a +2 helmet of see invisible
 Q - a +2 hat of willpower (worn)
 X - an orb of light
Jewellery
 b - the amulet of Suspected Treachery (around neck) {Reflect rF+ Regen+ Str+2 SH+5}
   (You acquired it on level 5 of the Lair of Beasts)

   [amulet of reflection]

   It reflects blocked missile attacks.
   Str:       It affects your strength (+2).
   rF:        It protects you from fire.
   Regen:     It increases your rate of health regeneration.
   SH:        It affects your SH (+5).
 f - a ring of protection from fire
 i - an amulet of the acrobat
 n - a ring of fire
 u - the ring of Finality (right hand) {*Slow rN+++ Will- Str+6 Int+5}
   (You acquired it on level 5 of the Dungeon)

   [ring of strength]

   Str:       It affects your strength (+6).
   Int:       It affects your intelligence (+5).
   rN:        It renders you almost immune to negative energy.
   *Slow:     It may slow you when you take damage.
   Will:      It decreases your willpower.
 D - the ring of the Final Chapter (left hand) {rN+ EV+5 Str+4}
   (You found it on level 8 of the Dungeon)

   [ring of evasion]

   EV:        It affects your evasion (+5).
   Str:       It affects your strength (+4).
   rN:        It protects you from negative energy.
 R - a +6 ring of strength
 T - a ring of wizardry
Wands
 d - a wand of quicksilver (6)
 x - a wand of paralysis (9)
 L - a wand of polymorph (4)
 N - a wand of flame (26)
 P - a wand of mindburst (11)
 U - a wand of iceblast (4)
Scrolls
 e - 3 scrolls of amnesia
 g - 8 scrolls of teleportation
 q - 3 scrolls of blinking
 t - a scroll of enchant weapon
 A - 6 scrolls of revelation
 E - 6 scrolls of fear
 G - 2 scrolls of silence
 I - 7 scrolls of enchant armour
 S - 9 scrolls of identify
Potions
 h - a potion of curing
 j - 3 potions of magic
 l - a potion of cancellation
 m - 3 potions of invisibility
 p - a potion of haste
 r - a potion of ambrosia
 s - 2 potions of berserk rage
 w - 3 potions of brilliance
 C - 4 potions of attraction
 H - 5 potions of resistance
 V - 2 potions of lignification
 Y - a potion of enlightenment
 Z - 2 potions of might
Miscellaneous
 F - a box of beasts
 J - a phantom mirror
 K - a phial of floods


   Skills:
 + Level 13.4 Fighting
 - Level 19.0 Polearms
 - Level 9.0 Armour
 - Level 18.0 Dodging
 - Level 8.0 Shields
 - Level 9.0 Spellcasting
 - Level 7.0 Transmutations
 - Level 9.0 Invocations
 - Level 15.0 Evocations


You had 33 spell levels left.
You knew the following spells:

 Your Spells              Type           Power      Damage    Failure   Level
a - Wereblood             Tmut           27%        N/A       1%          2

Your spell library contained the following spells:

 Spells                   Type           Power      Damage    Failure   Level
 Passwall                 Tmut/Erth      14%        N/A       4%          2
 Apportation              Tloc           12%        N/A       12%         1
 Shock                    Conj/Air       24%        1d4       12%         1
 Ignite Poison            Fire/Tmut/Pois 13%        N/A       13%         3
 Cigotuvi's Dreadful Rot  Necr/Pois/Air  12%        N/A       17%         2
 Ensorcelled Hibernation  Hex/Ice        12%        N/A       17%         2
 Lesser Beckoning         Tloc           12%        N/A       17%         2
 Sublimation of Blood     Necr           6%         N/A       17%         2
 Petrify                  Tmut/Erth      17%        N/A       26%         4
 Frozen Ramparts          Ice            12%        1d2       34%         3
 Gell's Gravitas          Tloc           6%         N/A       34%         3
 Hailstorm                Conj/Ice       6%         3d4       34%         3
 Portal Projectile        Hex/Tloc       12%        N/A       34%         3
 Swiftness                Air            6%         N/A       34%         3
 Teleport Other           Tloc           6%         N/A       34%         3
 Tukima's Dance           Hex            6%         N/A       34%         3
 Volatile Blastmotes      Fire/Tloc      12%        2d11      34%         3
 Alistair's Intoxication  Tmut/Pois      11%        N/A       58%         5
 Airstrike                Air            3%         2d(1-17)  75%         4
 Animate Dead             Necr           6%         N/A       75%         4
 Iskenderun's Mystic Bla  Conj/Tloc      6%         2d4       75%         4
 Borgnjor's Vile Clutch   Necr/Erth      3%         N/A       97%         5
 Freezing Cloud           Conj/Ice/Air   3%         6-21      97%         5
 Metabolic Englaciation   Hex/Ice        3%         N/A       97%         5
 Death Channel            Necr           3%         N/A       100%        6
 Summon Hydra             Summ           3%         N/A       100%        7


Dungeon Overview and Level Annotations

Branches:
Dungeon (15/15)            Temple (1/1) D:5            Lair (5/5) D:11
  Swamp (0/4) Lair:3       Spider (0/4) Lair:3        Slime (0/5) Lair:4
    Orc (2/2) D:9             Elf (3/3) Orc:2        Vaults (0/5) D:13
 Depths (0/4) D:15          Sewer (visited)         Ossuary (visited)
Gauntlet (visited)

Altars:
Ashenzari
Cheibriados
Dithmenos
Elyvilon
Fedhas
Gozag
Hepliaklqana
Kikubaaqudgha
Makhleb
Nemelex Xobeh
Okawaru
Qazlal
Ru
Sif Muna
Trog
Uskayaw
Vehumet
Wu Jian
Xom
Yredelemnul
Zin
The Shining One
Jiyva

Shops:
D:3 (   D:7 ?   D:10 !   D:14 [:   Orc:2 [![?=   Elf:2 =

Portals:
Trove: D:14 (give +6 demon blade)

Annotations:
Temple 2 transporters
Elf:2 1 runed translucent door


Innate Abilities, Weirdness & Mutations

Your life essence is reduced to manifest your ancestor. (-10% HP)
((You are very nimble when in or above water. (Stealth+, EV+, Speed+++)))
Your lower body shifts to a powerful aquatic tail in water.


Message History

The small abomination is engulfed in seething chaos.
The small abomination seems to grow stronger.
The starcursed mass is engulfed in seething chaos.
The starcursed mass is moving more slowly.
The apocalypse crab is engulfed in seething chaos.
The apocalypse crab bites you but does no damage.
The apocalypse crab claws you.
* * * LOW HITPOINT WARNING * * *
The starcursed mass is engulfed in seething chaos.
The starcursed mass seems to speed up.
The golden eye is engulfed in seething chaos.
The golden eye blinks at you. You resist with almost no effort.
The thrashing horror is engulfed in seething chaos.
The thrashing horror seems to slow down.
The thrashing horror barely misses you. The thrashing horror misses you.
A thrashing horror comes into view.
The thrashing horror is engulfed in seething chaos.
The thrashing horror moves out of view.
Unknown command.
Unknown command.
Unknown command.
You're too confused to move!
You are engulfed in seething chaos.
You feel very mighty all of a sudden.
You feel very sick.
The thrashing horror roars!
The thrashing horror is engulfed in seething chaos.
The thrashing horror suddenly seems more agile.
The thrashing horror is engulfed in seething chaos.
The thrashing horror suddenly seems more resistant.
The thrashing horror closely misses you.
The thrashing horror misses you.
The thrashing horror is engulfed in seething chaos.
The thrashing horror seems to grow stronger.
The thrashing horror is engulfed in seething chaos.
The golden eye is engulfed in seething chaos.
The thrashing horror is engulfed in seething chaos.
The thrashing horror suddenly seems more agile.
The thrashing horror tramples you!!
You die...

.# # ⌠ . # #
. . # ..# ..
)# ..# #.#.#
# #.#. #
#G#### X ....
# #xt@#.X
..#§ ##φ .
####XXX#X.#..
## ###XXX...
.... #
##.....# # #
#.. #.....
..# ## . X
....§ # . #
......
....... . .#.
# #. .......
. .


You could see a starcursed mass (petrifying), a tentacled starspawn, an
apocalypse crab, 4 thrashing horrors, a small abomination (strong) and a golden
eye.

Vanquished Creatures
  Saint Roka (Orc:2)
  Gastronok (Lair:1)
  Agnes (D:15)
  Kirke (D:14)
  A deep elf sorcerer (Elf:3)
  A draconian scorcher (Abyss:4)
  A deep elf elementalist (Elf:3)
  2 orc warlords (Orc:1)
  Nessos (D:12)
  4 deep elf demonologists
  Snorg (D:10)
  A green death (Abyss:4)
  2 deep elf death magi (Elf:3)
  2 deep elf high priests (Elf:3)
  An ettin (Orc:1)
  A rakshasa (D:14)
  4 centaur warriors
  Harold (Lair:2)
  A catoblepas (Lair:4)
  2 hydras
  An ogre mage (D:15)
  11 two-headed ogres
  A merfolk avatar (Lair:5)
  23 dancing weapons
  2 boulder beetles
  5 death yaks
  Urug (Orc:1)
  9 orc high priests
  3 thrashing horrors
  Amaemon (D:9)
  10 deep elf knights
  A skyshark (Lair:2)
  A skeletal warrior (D:15)
  5 wretched stars (Abyss:4)
  A glowing orange brain (Abyss:4)
  A wizard (D:13)
  Pikel (D:4)
  7 deep elf archers
  2 orc knights
  20 deep elf pyromancers
  3 manticores
  3 orc sorcerers
  17 deep elf zephyrmancers
  9 ugly things
  5 necromancers
  7 cyclopes
  A worldbinder (Abyss:4)
  3 black mambas
  9 elephants
  A guardian serpent (Abyss:5)
  A rust devil (Abyss:4)
  6 large abominations
  2 smoke demons (Abyss:4)
  2 torpor snails
  12 cane toads
  3 gargoyles
  A spriggan zombie (D:15)
  3 kobold demonologists
  A rime drake (Lair:4)
  5 komodo dragons
  2 efreet
  A yaktaur (D:15)
  A minotaur zombie (Gauntlet)
  2 tengu conjurers
  A guardian mummy (D:15)
  An ancient zyme (Abyss:4)
  5 polar bears
  4 trolls
  2 meliai (D:13)
  A hornet (Lair:5)
  Grinder (Sewer)
  5 raiju
  A tarantella (shapeshifter) (Elf:3)
  5 blink frogs (Lair:5)
  A dream sheep (shapeshifter) (Elf:2)
  6 dream sheep (Lair:2)
  A snapping turtle (Lair:5)
  A jumping spider (Lair:3)
  3 air elementals
  A centaur simulacrum (D:14)
  2 spriggan skeletons (D:15)
  6 slime creatures
  5 wraiths
  2 water elementals (Elf:1)
  3 hogs (D:14)
  9 humans (D:13)
  5 wyverns
  31 yaks
  6 fire elementals
  10 starcursed masses (Abyss:4)
  3 steam dragons
  2 golden eyes (Abyss:6)
  3 wargs (Orc:2)
  2 redbacks (Lair:3)
  13 water moccasins
  2 acid dragons
  Edmund (D:4)
  2 hell hounds (D:12)
  2 floating eyes (Elf:3)
  16 orc warriors
  2 ice beasts
  A sky beast (D:7)
  A black bear (D:4)
  7 ogres
  5 centaurs
  A small abomination (Abyss:4)
  A phantom (D:6)
  2 elf zombies (Ossuary)
  10 kobold brigands
  A bullfrog (Lair:3)
  An earth elemental (Elf:1)
  7 scorpions
  6 wights (D:6)
  10 killer bees
  2 electric eels
  9 howler monkeys
  A human zombie (Ossuary)
  A quasit (Sewer)
  An iron imp (D:3)
  27 orc priests
  A gnoll bouda (D:7)
  A sleepcap (D:8)
  12 orc wizards
  4 iguanas
  4 hell rats (Lair:1)
  2 hound zombies (Ossuary)
  3 mummies (Ossuary)
  14 gnolls
  9 adders
  2 river rats (D:3)
  5 shadow imps
  3 white imps
  3 ufetubi (Sewer)
  2 adder zombies (Ossuary)
  3 worms (D:2)
  2 dart slugs
  59 orcs
  7 ball pythons
  2 bat zombies (Sewer)
  11 endoplasms
  6 giant cockroaches
  2 gnoll zombies (Ossuary)
  8 goblins
  6 hobgoblins
  11 jackals
  6 quokkas
  8 bats
  A frilled lizard (D:1)
  4 goblin zombies (Ossuary)
  3 hobgoblin zombies (Ossuary)
  3 jackal zombies (Ossuary)
  43 kobolds
  6 kobold zombies
  3 orc zombies (Ossuary)
  4 quokka zombies (Ossuary)
  10 rats
  A rat zombie (Ossuary)
  A starspawn tentacle (Abyss:4)
771 creatures vanquished.

Vanquished Creatures (collateral kills)
  3 tentacled starspawn
  A deep elf sorcerer (Elf:3)
  A deep elf elementalist (Elf:3)
  Azrael (D:12)
  A minotaur (Gauntlet)
  A deep elf high priest (Elf:3)
  2 hydras
  2 vault guards (D:13)
  A centaur warrior (D:13)
  An ogre mage (D:15)
  2 two-headed ogres
  8 dancing weapons
  3 thrashing horrors
  3 death yaks
  A tengu warrior (D:15)
  2 orc high priests
  Sonja (Lair:5)
  A death drake (Abyss:4)
  A skyshark (Lair:5)
  4 deep elf knights
  A phantasmal warrior (D:15)
  4 deep elf archers
  A harpy (Lair:5)
  4 deep elf zephyrmancers
  A sphinx zombie (D:15)
  An orc knight (Orc:1)
  2 manticores
  14 deep elf pyromancers
  3 cyclopes
  6 ugly things
  An elephant (Lair:3)
  2 black mambas
  An apocalypse crab (Gauntlet)
  6 cane toads
  Maggie (D:7)
  An orange demon (D:9)
  2 efreet
  2 komodo dragons
  A rime drake (Lair:5)
  A wind drake (Lair:5)
  A meliai (D:13)
  A troll (Orc:2)
  A blink frog (Lair:5)
  2 small abominations (Abyss:4)
  A snapping turtle (Lair:5)
  6 raiju (Abyss:4)
  An air elemental (Elf:2)
  3 slime creatures (D:14)
  A shadow (D:12)
  2 vampires
  11 yaks
  7 humans (D:13)
  2 fire elementals
  A golden eye (shapeshifter) (Elf:2)
  A hog (D:14)
  A starcursed mass (Abyss:4)
  A neqoxec (Abyss:4)
  2 wargs (Orc:2)
  A large abomination (Abyss:4)
  5 water moccasins
  3 floating eyes (Elf:3)
  A hell hound (D:12)
  7 orc warriors
  A black bear (D:8)
  An ogre (Orc:1)
  4 centaurs
  4 kobold brigands
  2 killer bees
  7 orc priests
  9 orc wizards
  A hell rat (Lair:1)
  27 orcs
  5 kobolds
  A butterfly (Lair:4)
219 creatures vanquished.

Vanquished Creatures (others)
  A deep elf high priest (Elf:1)
  4 deep elf knights
  A wizard (D:13)
  2 deep elf pyromancers
  2 deep elf zephyrmancers
  A vampire (D:13)
  An ancestor (D:8)
  28 knights
  An orc (Orc:2)
  13 starspawn tentacles
54 creatures vanquished.

Grand Total: 1044 creatures vanquished

Notes
Turn   | Place    | Note
-------+----------+-------------------------------------------
     0 | D:1      | Newt the Merfolk Fighter began the quest for the Orb.
     0 | D:1      | Reached XP level 1. HP: 18/18 MP: 1/1
    43 | D:1      | Reached skill level 1 in Dodging
    88 | D:1      | Reached XP level 2. HP: 15/24 MP: 2/2
   310 | D:1      | Reached skill level 3 in Polearms
   314 | D:1      | Reached XP level 3. HP: 14/29 MP: 3/3
   715 | D:1      | Found a faded altar of an unknown god.
   846 | D:2      | Reached skill level 4 in Polearms
  1245 | D:2      | Reached XP level 4. HP: 35/35 MP: 4/4
  1466 | D:3      | Reached skill level 5 in Polearms
  1623 | D:3      | Found Fomasuog's Antique Weapon Shop.
  1627 | D:3      | Found a snail-covered altar of Cheibriados.
  1641 | D:3      | Reached skill level 6 in Polearms
  1641 | D:3      | Reached XP level 5. HP: 28/41 MP: 5/5
  2121 | D:3      | Found a glowing drain.
  2125 | Sewer    | Entered a sewer
  2264 | Sewer    | Reached skill level 7 in Polearms
  2351 | Sewer    | Found a burning altar of Makhleb.
  2351 | Sewer    | Noticed a kobold brigand
  2367 | Sewer    | Reached XP level 6. HP: 48/48 MP: 6/6
  2438 | Sewer    | Noticed Grinder
  2456 | Sewer    | Killed Grinder
  2457 | Sewer    | Reached skill level 5 in Fighting
  2457 | Sewer    | Reached skill level 8 in Polearms
  2457 | Sewer    | Reached XP level 7. HP: 42/56 MP: 7/7
  2544 | Sewer    | Reached skill level 9 in Polearms
  3111 | D:4      | Noticed Edmund
  3111 | D:4      | Noticed Pikel
  3126 | D:4      | Killed Edmund
  3134 | D:4      | Killed Pikel
  3135 | D:4      | Reached skill level 10 in Polearms
  3135 | D:4      | Reached XP level 8. HP: 44/62 MP: 8/8
  3546 | D:5      | Entered Level 5 of the Dungeon
  3677 | D:5      | Reached XP level 9. HP: 52/68 MP: 9/9
  3717 | D:5      | Found a sand-covered staircase.
  3734 | Ossuary  | Entered an ossuary
  4074 | D:5      | Identified a scroll of acquirement
  4074 | D:5      | Acquired the ring of Finality {*Slow rN+++ Will- Str+6
                  | Int+5}
  4251 | D:5      | Found a staircase to the Ecumenical Temple.
  4277 | Temple   | Found a transporter.
  4277 | Temple   | Found a transporter.
  4277 | Temple   | Found a transporter.
  4277 | Temple   | Found a transporter.
  4277 | Temple   | Entered the Ecumenical Temple
  4293 | Temple   | Became a worshipper of Hepliaklqana the Forgotten
  4522 | D:5      | Reached skill level 5 in Armour
  5228 | D:6      | Reached skill level 5 in Shields
  5744 | D:6      | Reached XP level 10. HP: 71/74 MP: 10/10
  6182 | D:7      | Reached * piety under Hepliaklqana
  6497 | D:7      | Noticed Maggie
  6503 | D:7      | Killed Maggie
  6617 | D:7      | Found Sedaeh's Magic Scroll Emporium.
  6626 | D:7      | Bought a scroll of identify for 28 gold pieces
  6626 | D:7      | Bought a scroll of identify for 28 gold pieces
  6922 | D:8      | Identified the ring of the Final Chapter {rN+ EV+5 Str+4}
  7131 | D:8      | Noticed a kobold demonologist
  7135 | D:8      | Reached skill level 1 in Evocations
  7138 | D:8      | Noticed a soul eater
  7144 | D:8      | Killed a kobold demonologist
  7343 | D:8      | Reached ** piety under Hepliaklqana
  7344 | D:8      | Remembered your ancestor Xiuhtonal as a knight
  7366 | D:8      | Reached skill level 5 in Evocations
  7617 | D:9      | Reached XP level 11. HP: 58/77 MP: 11/11
  7642 | D:9      | Identified the +8 rapier "Ziad" {speed, *Noise rElec rC+
                  | Will++}
  7964 | D:9      | Noticed Amaemon
  7982 | D:9      | Killed Amaemon
  7983 | D:9      | Reached skill level 11 in Polearms
  8276 | D:9      | Found a staircase to the Orcish Mines.
  8577 | D:10     | Entered Level 10 of the Dungeon
  8615 | D:10     | Reached skill level 12 in Polearms
  8734 | D:10     | Found Atwom's Distillery.
  8864 | D:10     | Noticed Snorg
  8894 | D:10     | Killed Snorg
  8895 | D:10     | Reached skill level 13 in Polearms
  9020 | D:10     | Found a sparkling altar of Nemelex Xobeh.
  9020 | D:10     | Found a blossoming altar of Fedhas.
  9327 | D:11     | Reached skill level 14 in Polearms
  9337 | D:11     | Reached skill level 1 in Invocations
  9347 | D:11     | Noticed a two-headed ogre
  9362 | D:11     | Killed a two-headed ogre
  9400 | D:11     | Noticed a sun demon
  9416 | D:11     | HP: 3/77 [red devil/+0 demon trident of draining[a kobold
                  | demonologist] (20)]
  9417 | D:11     | Noticed a soul eater
  9597 | D:11     | Found a staircase to the Lair.
  9662 | D:11     | Identified the +0 leather armour of Impressiveness {rF-
                  | Dex+7 Stlth-}
  9687 | D:11     | Noticed a two-headed ogre
  9694 | D:11     | Killed a two-headed ogre
  9695 | D:11     | Reached skill level 5 in Invocations
  9748 | D:11     | Reached XP level 12. HP: 64/82 MP: 16/16
  9843 | D:11     | Reached *** piety under Hepliaklqana
 10042 | D:11     | Noticed a two-headed ogre
 10054 | D:11     | Killed a two-headed ogre
 10528 | Lair:1   | Entered Level 1 of the Lair of Beasts
 10711 | Lair:1   | Noticed Gastronok
 10731 | Lair:1   | Killed Gastronok
 10940 | Lair:1   | Reached skill level 10 in Evocations
 11050 | Lair:1   | Reached skill level 10 in Dodging
 11132 | Lair:1   | Identified the +2 long sword "Fypulium" {antimagic, rC+ rN+
                  | Dex+4}
 11293 | Lair:2   | Noticed a skyshark
 11293 | Lair:2   | Reached **** piety under Hepliaklqana
 11311 | Lair:2   | Killed a skyshark
 11396 | Lair:2   | Noticed Harold
 11412 | Lair:2   | Killed Harold
 11488 | Lair:2   | Reached XP level 13. HP: 80/88 MP: 15/17
 12196 | Lair:3   | Found a staircase to the Swamp.
 12232 | Lair:3   | Found a runed translucent door.
 12526 | Lair:3   | Reached ***** piety under Hepliaklqana
 12894 | Lair:3   | Found a hole to the Spider Nest.
 13083 | Lair:3   | Reached skill level 10 in Fighting
 13856 | Lair:4   | Found a viscous altar of Jiyva.
 13862 | Lair:4   | Found a staircase to the Slime Pits.
 13897 | Lair:4   | Reached XP level 14. HP: 78/103 MP: 19/19
 14262 | Lair:5   | Entered Level 5 of the Lair of Beasts
 14518 | Lair:5   | Noticed Sonja
 14542 | Lair:5   | Killed Sonja
 14685 | Lair:5   | Reached skill level 15 in Polearms
 14800 | Lair:5   | Paralysed by a hornet for 2 turns
 15160 | Lair:5   | Got the Exposition on Incendiary Attacks
 15379 | Lair:5   | Acquired the amulet of Suspected Treachery {Reflect rF+
                  | Regen+ Str+2 SH+5}
 15643 | Orc:1    | Entered Level 1 of the Orcish Mines
 15664 | Orc:1    | Reached skill level 16 in Polearms
 15841 | Orc:1    | Found a transporter.
 15845 | Orc:1    | Found an ornate altar of the Wu Jian Council.
 15847 | Orc:1    | Found a transporter.
 16015 | Orc:1    | Found a transporter.
 16044 | Orc:1    | Found a transporter.
 16044 | Orc:1    | Found an ornate altar of the Wu Jian Council.
 16044 | Orc:1    | Noticed an orc warlord
 16090 | Orc:1    | Noticed an orc warlord
 16111 | Orc:1    | Killed an orc warlord
 16630 | Orc:1    | Noticed Urug
 16640 | Orc:1    | Killed Urug
 16975 | Orc:1    | Reached skill level 17 in Polearms
 16991 | Orc:1    | Killed an orc warlord
 17060 | Orc:2    | Entered Level 2 of the Orcish Mines
 17431 | Orc:2    | Found a staircase to the Elven Halls.
 17537 | Orc:2    | Found Ilexasuf's Armour Shoppe.
 17565 | Orc:2    | Found Lipnoqaa's Distillery.
 17617 | Orc:2    | Bought a potion of heal wounds for 60 gold pieces
 17617 | Orc:2    | Bought a potion of haste for 120 gold pieces
 17617 | Orc:2    | Bought a potion of mutation for 96 gold pieces
 17644 | Orc:2    | Found Weppery's Antique Armour Shoppe.
 17671 | Orc:2    | Noticed Saint Roka
 17970 | Orc:2    | Found Boann's Jewellery Boutique.
 17987 | Orc:2    | Found Bucsusuo's Magic Scroll Shoppe.
 18009 | Orc:2    | Reached XP level 15. HP: 97/108 MP: 21/21
 18188 | Orc:2    | Killed Saint Roka
 18392 | Orc:2    | Bought a scroll of identify for 28 gold pieces
 18392 | Orc:2    | Bought a scroll of enchant weapon for 105 gold pieces
 18392 | Orc:2    | Bought a scroll of enchant weapon for 105 gold pieces
 18427 | Orc:2    | Bought a shiny troll leather armour for 612 gold pieces
 18712 | D:12     | Noticed Azrael
 18714 | D:12     | Found a flickering gateway to a bazaar.
 18721 | D:12     | Killed Azrael
 18749 | Bazaar   | Entered a bazaar
 18749 | Bazaar   | Found Loyrodua's Antique Weapon Shop.
 18785 | Bazaar   | Found Buekuon's General Store.
 18805 | Bazaar   | Found Ageo's Antique Armour Shop.
 18813 | Bazaar   | Bought a bronze ring mail for 207 gold pieces
 18813 | Bazaar   | Identified the +1 ring mail "Ugozxuet" {*Corrode MP+9 Str+6
                  | Int+2} (You bought it in a shop in a bazaar)
 19018 | D:12     | Reached ****** piety under Hepliaklqana
 19296 | D:12     | Found a hide-covered altar of Uskayaw.
 19333 | D:12     | Noticed Nessos
 19339 | D:12     | HP: 4/108 [poisoned by Nessos]
 19344 | D:12     | Killed Nessos
 19992 | D:13     | Found a gate to the Vaults.
 20038 | D:13     | Found a gate leading to a gauntlet.
 20047 | Gauntlet | Entered a Gauntlet
 20047 | Gauntlet | Found a transporter.
 20050 | Gauntlet | Found a transporter.
 20051 | Gauntlet | Found a transporter.
 20052 | Gauntlet | Found a transporter.
 20055 | Gauntlet | Found a transporter.
 20056 | Gauntlet | Found a transporter.
 20065 | Gauntlet | Found a transporter.
 20071 | Gauntlet | Found a transporter.
 20084 | Gauntlet | Found a transporter.
 20103 | Gauntlet | Found a transporter.
 20105 | Gauntlet | Found a transporter.
 20113 | Gauntlet | Found a transporter.
 20261 | Gauntlet | Identified the +0 pair of gloves of Complete Protection
                  | {-Tele Rampage rF++}
 21121 | D:14     | Found Vobler's Antique Armour Shop.
 21126 | D:14     | Bought a brightly glowing robe for 182 gold pieces
 21126 | D:14     | Identified the +1 robe of the Game of Kings {Str+6} (You
                  | bought it in a shop on level 14 of the Dungeon)
 21188 | D:14     | Found a portal to a secret trove of treasure.
 21228 | D:14     | Reached skill level 15 in Evocations
 21237 | D:14     | Reached skill level 18 in Polearms
 21361 | D:14     | Found Laqon's Tremendous Tomes.
 21715 | D:14     | Reached XP level 16. HP: 85/114 MP: 22/22
 21965 | D:14     | Noticed Kirke
 21978 | D:14     | Killed Kirke
 21979 | D:14     | Reached skill level 19 in Polearms
 22335 | D:15     | Entered Level 15 of the Dungeon
 22388 | D:15     | Noticed Agnes
 22509 | D:15     | Killed Agnes
 22610 | D:15     | Reached skill level 15 in Dodging
 23501 | D:15     | Found a staircase to the Depths.
 24275 | Elf:1    | Entered Level 1 of the Elven Halls
 25365 | Elf:1    | Reached XP level 17. HP: 119/119 MP: 23/23
 26178 | Elf:2    | Paralysed by an air elemental for 1 turns
 26184 | Elf:2    | Paralysed by an air elemental for 1 turns
 26190 | Elf:2    | Paralysed by an orc sorcerer for 3 turns
 26741 | Elf:2    | Paralysed by an air elemental for 1 turns
 26764 | Elf:2    | Paralysed by an air elemental for 1 turns
 26770 | Elf:2    | Paralysed by an air elemental for 1 turns
 26865 | Elf:2    | Found a runed translucent door.
 26923 | Elf:2    | Found a runed translucent door.
 27098 | Elf:2    | Found Goawiydo's Jewellery Shoppe.
 27289 | Elf:2    | Reached skill level 1 in Spellcasting
 27852 | Elf:2    | Reached skill level 5 in Spellcasting
 28213 | Abyss:4  | Cast into level 4 of the Abyss (+0 scimitar of distortion)
 28278 | Abyss:4  | Noticed a tentacled starspawn
 28306 | Abyss:4  | Killed a tentacled starspawn
 28448 | Elf:2    | Escaped the Abyss
 28448 | Elf:2    | HP: 3/93 [+0 scimitar of distortion (16)]
 28559 | Elf:3    | Entered Level 3 of the Elven Halls
 28684 | Elf:3    | Reached XP level 18. HP: 65/126 MP: 10/30
 28716 | Elf:3    | Gained mutation: You occasionally lose the ability to drink
                  | potions when taking damage. [potion of mutation]
 28716 | Elf:3    | Gained mutation: Your flesh is cold resistant. (rC+)
                  | [potion of mutation]
 28716 | Elf:3    | Gained mutation: Your system is resistant to poisons.
                  | (rPois) [potion of mutation]
 28717 | Elf:3    | Lost mutation: Your flesh is cold resistant. (rC+) [potion
                  | of mutation]
 28717 | Elf:3    | Lost mutation: Your system is resistant to poisons. (rPois)
                  | [potion of mutation]
 28717 | Elf:3    | Lost mutation: You occasionally lose the ability to drink
                  | potions when taking damage. [potion of mutation]
 28784 | Elf:3    | Paralysed by a floating eye for 2 turns
 28790 | Elf:3    | Paralysed by a floating eye for 4 turns
 28814 | Elf:3    | Paralysed by a floating eye for 3 turns
 28891 | Elf:3    | Learned a level 2 spell: Wereblood
 28922 | Elf:3    | Paralysed by an air elemental for 1 turns
 28956 | Elf:3    | Reached skill level 1 in Transmutations
 29901 | Elf:3    | Reached skill level 5 in Transmutations
 29902 | Abyss:4  | Cast into level 4 of the Abyss (a deep elf demonologist)
 29936 | Abyss:4  | Found a corrupted altar of Lugonu.
 29938 | Abyss:4  | Found a corrupted altar of Lugonu.
 29938 | Abyss:4  | Found a corrupted altar of Lugonu.
 29981 | Abyss:4  | Found a corrupted altar of Lugonu.
 30048 | Elf:3    | Escaped the Abyss
 30072 | Abyss:5  | Cast into level 5 of the Abyss (a deep elf sorcerer)
 30154 | Abyss:6  | Paralysed by accursed screaming for 1 turns
 30172 | Abyss:6  | Slain by a thrashing horror

Illustrated notes

Levels and vault maps discovered:
D:1:      spicycebolla_arrival_xxxplode, layout_basic,
          hellmonk_ecumenical_altar_lost_god
D:2:      layout_loops_ring, nicolae_eternal_life
D:3:      layout_loops_corners, slow_altar_1, serial_shops, shop,
          portal_sewer_entry_e
D:4:      layout_rooms, uniq_edmund, uniq_pikel
D:5:      layout_rooms, minmay_temple_entry_glassed_door,
          serial_co_window_serial, co_window_paths_b, co_window_paths_b,
          co_window_cross_1, co_window_paths_a, co_window_paths_a,
          co_window_of_opportunity_c, co_window_unsneaky_path_c,
          co_window_broadway_b, nicolae_ossuary_entry_monument
D:6:      layout_loops_cross, minmay_unpleasant_kobolds
D:7:      layout_basic, serial_shops, shop, kennysheep_generic_room_6,
          uniq_maggie
D:8:      layout_basic
D:9:      layout_rooms, hiddenorc1_lemuel, chequers_serial_rivers_marsh,
          uniq_amaemon
D:10:     layout_roguey, jmf_multi_god_temple, serial_shops, shop, uniq_snorg
D:11:     layout_stronghold, david_lair_shrubbed, serial_bayou_pond_b
D:12:     layout_long_grid, serial_shops, bzr_entry_lakeside,
          nicolae_uskayaw_en_pointe, uniq_azrael, uniq_nessos
D:13:     layout_basic, grunt_vaults_entry_tiered, gauntlet_entry_generic,
          minmay_quadrilaterals
D:14:     layout_stronghold, enter_trove_3, serial_shops,
          nicolae_shop_getting_attention, glass_columns_a,
          nicolae_shop_i_like_big_books, uniq_kirke
D:15:     gammafunk_depths_entry_grave, layout_grid_maze,
          minmay_misc_feat_rugged, uniq_agnes
Temple:   hellmonk_temple_divided_pantheon
Lair:1:   layout_loops_ring, uniq_gastronok
Lair:2:   layout_layer_cave, uniq_harold
Lair:3:   layout_hall_layers, swamp_mist, spider_nest_entry_funnel_web,
          pf_torpor_hydra
Lair:4:   layout_loops_ring, dpeg_slime_entry_corner, st_stairs_13,
          lemuel_fruit_fields, grunt_megastairs_3
Lair:5:   gammafunk_lair_ancient_temple, layout_regular_city,
          serial_bayou_shore_a, uniq_sonja
Orc:1:    dreamdust_wu_jian_sword_trials, layout_diamond_mine, basic_altar,
          uniq_urug
Orc:2:    st_orc_town, layout_caves, serial_shops, shop, nicolae_orc_lava_tube,
          uniq_saint_roka
Elf:1:    nicolae_elf_arrival_no_cutting_in_line, layout_gridlike,
          kennysheep_underground_church
Elf:2:    nicolae_elf_blades_splatter_lattice
          [nicolae_blade_entry_splitting_headache], layout_loops_cross,
          serial_shops, shop
Elf:3:    minmay_elf_hall_curves, layout_geoelf_castle, grunt_ministairs_4,
          onia_ninara_cookie
Abyss:6:  base: D:2, spicy_abyss_planar_alliance,
          guppyfry_abyss_exit_glass_guarded, evilmike_abyss_rune_tso_outpost,
          hangedman_abyss_overflow_altar

Skill      XL: |  1  2  3  4  5  6  7  8  9 10 11 12 13 14 15 16 17 18 |
---------------+-------------------------------------------------------+-----
Dodging        | 2 3 7 9 12 14 18 | 18.0
Polearms       | 3 4 6 7 8 10 14 17 18 19 | 19.0
Fighting       | 5 8 12 13 | 13.4
Armour         | 3 5 6 9 |  9.0
Shields        | 7 8 |  8.0
Evocations     | 5 6 10 11 15 | 15.0
Invocations    | 6 7 9 |  9.0
Spellcasting   | 8 9 |  9.0
Transmutations | 7 |  7.0

Action                     |  1- 3 |  4- 6 |  7- 9 | 10-12 | 13-15 | 16-18 || total
---------------------------+-------+-------+-------+-------+-------+-------++-------
  Melee: Trident           |   115 |   226 |   415 |   785 |  1376 |   832 ||  3749
         Tailslap          |       |     2 |     1 |       |     3 |       ||     6
         Bardiche          |       |       |       |       |       |   300 ||   300
   Cast: Wereblood         |       |       |       |       |       |     2 ||     2
 Invoke: Ancestor Life: Kn |       |       |       |     1 |       |       ||     1
         Recall Ancestor   |       |       |       |     3 |     9 |    21 ||    33
         Idealise          |       |       |       |       |     6 |     6 ||    12
         Transference      |       |       |       |       |       |     2 ||     2
  Evoke: Wand              |       |       |       |     3 |    15 |    12 ||    30
         Box of beasts     |       |       |       |     1 |     3 |     1 ||     5
         Phantom mirror    |       |       |       |       |     3 |       ||     3
         Phial of floods   |       |       |       |       |     2 |     1 ||     3
    Use: Scroll            |     5 |     5 |     7 |    12 |    11 |    10 ||    50
         Potion            |       |     1 |     1 |     3 |     5 |    21 ||    31
   Stab: Distracted        |       |       |       |     2 |     8 |     3 ||    13
         Paralysed         |       |       |       |     1 |    10 |       ||    11
         Invisible         |       |       |       |       |     5 |       ||     5
         Sleeping          |       |       |       |       |       |     1 ||     1
 Armour: Scale mail        |    42 |   103 |    94 |   103 |       |       ||   342
         Troll leather arm |       |       |       |     7 |    87 |    81 ||   175
  Dodge: Dodged            |    50 |   149 |   175 |   301 |   526 |   582 ||  1783
  Block: Buckler           |    25 |    61 |    46 |   117 |   305 |   223 ||   777
         Reflection        |       |       |       |       |    17 |    34 ||    51
         Other             |       |       |       |       |       |    36 ||    36

Table legend: (Time is in decaauts)
 A = Elapsed time spent in this place.
 B = Non-inter-level travel time spent in this place.
 C = Inter-level travel time spent in this place.
 D = Time resting spent in this place.
 E = Time spent auto-exploring this place.
 F = Levels seen in this place.
 G = Mean time per level.
                   A        B        C        D        E       F      G
               +--------+--------+--------+--------+--------+-----+--------+
         Total |  29035 |  27662 |   1373 |   5292 |  15768 |  35 |  829.6 |
       Dungeon |  14480 |  13691 |    789 |   2005 |   8774 |  15 |  965.3 |
        Temple |     32 |     24 |      8 |      0 |      0 |   1 |   32.0 |
          Lair |   4750 |   4581 |    169 |    451 |   3265 |   5 |  950.0 |
  Orcish Mines |   2830 |   2546 |    284 |    874 |   1100 |   2 | 1415.0 |
   Elven Halls |   5230 |   5109 |    121 |   1828 |   1963 |   3 | 1743.3 |
         Abyss |    470 |    470 |      0 |     97 |      0 |   5 |   94.0 |
        Bazaar |     78 |     78 |      0 |      0 |     61 |   1 |   78.0 |
         Sewer |    460 |    460 |      0 |      0 |    275 |   1 |  460.0 |
       Ossuary |    316 |    316 |      0 |      0 |    154 |   1 |  316.0 |
      Gauntlet |    386 |    386 |      0 |     36 |    174 |   1 |  386.0 |
               +--------+--------+--------+--------+--------+-----+--------+

Top non-repeatable levels by time:
   Elf:2: 2127 daAuts
   Elf:1: 2026 daAuts
    D:15: 1616 daAuts
   Orc:1: 1475 daAuts
   Orc:2: 1354 daAuts
    D:11: 1312 daAuts
    D:14: 1204 daAuts
  Lair:5: 1163 daAuts
     D:8: 1144 daAuts
     D:3: 1095 daAuts
   Elf:3: 1077 daAuts
     D:6: 1035 daAuts
  Lair:4: 1032 daAuts
    D:12: 1017 daAuts
     D:5: 1011 daAuts
